 Dungeon Crawl Stone Soup version 0.22.0 (webtiles) character file.

2112 Blackhawk the Magician (level 9, -6/69 HPs)
             Began as a Gnoll Skald on Oct 21, 2018.
             Was a Priest of Yredelemnul.
             Mangled by an orc warrior
             ... wielding a +0 hand axe
              (11 damage)
             ... on level 5 of the Dungeon.
             The game lasted 00:13:53 (6995 turns).

Blackhawk the Magician (Gnoll Skald)                Turns: 6995, Time: 00:13:54

Health: -6/69      AC: 15    Str: 17    XL:     9   Next: 28%
Magic:  18/18      EV:  7    Int: 16    God:    Yredelemnul [***...]
Gold:   391        SH:  9    Dex: 14    Spells: 20/21 levels left

rFire    . . .     SeeInvis .   f - +4 club
rCold    . . .     Gourm    .   z - +0 shield
rNeg     . . .     Faith    .   e - +0 chain mail
rPois    .         Spirit   .   t - +1 helmet
rElec    .         Reflect  .   u - +2 cloak
rCorr    .         Harm     .   (no gloves)
MR       +....                  (no boots)
Stlth    ..........             (no amulet)
HPRegen  0.21/turn              l - ring of protection from magic
MPRegen  0.16/turn              (no ring)

@: no status effects
A: distributed training, fangs 1, strong nose
a: Recall Undead Slaves, Injury Mirror, Animate Dead, Renounce Religion


You were on level 5 of the Dungeon.
You worshipped Yredelemnul.
Yredelemnul was most pleased with you.
You were not hungry.

You visited 1 branch of the dungeon, and saw 6 of its levels.

You collected 391 gold pieces.

Inventory:

Hand Weapons
 a - a +0 hand axe
 f - a +4 club (weapon)
 n - a +2 short sword of draining
 v - the +12 glaive of Prune {chop}
   (You found it on level 4 of the Dungeon)

   It inflicts extra damage upon your enemies.
 E - the cursed +0 quarterstaff of Falas {freeze, *Rage rElec rN+ Dex+9, unknown}
   (You found it on level 6 of the Dungeon)

   It has been specially enchanted to freeze those struck by it, causing extra
   injury to most foes and up to half again as much damage against particularly
   susceptible opponents.
   It can also slow down cold-blooded creatures.
   It affects your dexterity (+9).
   It insulates you from electricity.
   It protects you from negative energy.
   It may make you go berserk in combat.
   It has a curse placed upon it.
Missiles
 i - 202 stones (quivered)
 A - 4 tomahawks
Armour
 b - a +0 leather armour
 e - a +0 chain mail (worn)
 t - a +1 helmet (worn)
 u - a +2 cloak (worn)
 z - a +0 shield (worn)
Jewellery
 k - an uncursed amulet of rage {unknown}
 l - a ring of protection from magic (left hand)
 q - an uncursed ring of flight {unknown}
Wands
 s - a wand of iceblast (16)
 C - a wand of random effects (22)
Scrolls
 g - 5 scrolls of identify
 j - 3 scrolls of random uselessness
 o - a scroll of teleportation {unknown}
 r - 5 scrolls of remove curse
 w - a scroll of immolation {unknown}
 y - a scroll of amnesia {unknown}
 D - a scroll of torment {unknown}
 F - a scroll of silence {unknown}
Potions
 c - a potion of lignification
 h - 2 potions of flight
 m - a potion of haste
 p - a potion of brilliance {unknown}
 x - a potion of heal wounds {unknown}
Comestibles
 d - 13 rations
 B - 2 chunks of flesh


   Skills:
 + Level 6.1 Fighting
 + Level 4.0 Short Blades
 + Level 4.0 Long Blades
 + Level 6.1 Axes
 + Level 4.0 Maces & Flails
 + Level 4.0 Polearms
 + Level 4.0 Staves
 + Level 4.0 Slings
 + Level 4.0 Bows
 + Level 4.0 Crossbows
 + Level 4.0 Throwing
 + Level 4.8 Armour
 + Level 6.1 Dodging
 + Level 4.0 Stealth
 + Level 4.0 Shields
 + Level 4.0 Unarmed Combat
 + Level 6.5 Spellcasting
 + Level 3.3 Conjurations
 + Level 3.3 Hexes
 + Level 6.4 Charms
 + Level 3.3 Summonings
 + Level 3.3 Necromancy
 + Level 3.3 Translocations
 + Level 3.3 Transmutations
 + Level 3.3 Fire Magic
 + Level 3.3 Ice Magic
 + Level 3.3 Air Magic
 + Level 3.3 Earth Magic
 + Level 3.3 Poison Magic
 + Level 4.4 Invocations
 + Level 4.0 Evocations


You had 20 spell levels left.
You knew the following spells:

 Your Spells              Type           Power        Failure   Level  Hunger
a - Infusion              Chrm           ####         45%         1    None

Your spell library contained the following spells:

 Spells                   Type           Power        Failure   Level  Hunger
 Magic Dart               Conj           ###.         88%         1    None
 Conjure Flame            Conj/Fire      ###.....     99%         3    ##.....
 Slow                     Hex            ###.....     96%         2    None
 Mephitic Cloud           Conj/Pois/Air  ###.....     99%         3    ##.....
 Blink                    Tloc           N/A          96%         2    None
 Call Imp                 Summ           ###.....     96%         2    None
 Regeneration             Chrm/Necr      ###.......   96%         3    ##.....
 Shroud of Golubria       Chrm/Tloc      ###.......   83%         2    None
 Song of Slaying          Chrm           ####....     61%         2    None
 Spectral Weapon          Hex/Chrm       ###.....     96%         3    ##.....


Dungeon Overview and Level Annotations

Branches:
Dungeon (6/15)             Temple (0/1) D:6

Altars:
Yredelemnul

Shops:
D:5 =


Innate Abilities, Weirdness & Mutations

Your experience applies equally to all skills.
You have very sharp teeth.
Your uncanny sense of smell can sniff out nearby items.


Message History

The orc warrior hits you but does no damage.
You hit the orc warrior but do no damage.
The orc warrior is moderately wounded.
The orc warrior hits you but does no damage.
Your shield and chain mail prevent you from hitting the orc warrior.
The orc warrior is moderately wounded.
The orc warrior barely misses you.
You barely miss the orc warrior.
The orc warrior is moderately wounded.
The orc warrior hits you with a hand axe!
* * * LOW HITPOINT WARNING * * *
The orc warrior hits you but does no damage.
You hit the orc warrior.
The orc warrior is moderately wounded.
The orc warrior hits you but does no damage.
You hit the orc warrior but do no damage.
The orc warrior is moderately wounded.
The orc warrior hits you with a hand axe!
You die...
Your body rises from the dead as a mindless zombie.

#.# ####.# #.###.# #.# #.#
#.....# #.# #.# ####### #.#
#.# ########
#.######.##############.......
#.......................######
#..####..####.########### #..#
#..# #.# #..####..## #@#
#.........###o##########
#.......#..............#
#.......#####.########.#
#.......# #.# #.# #.......#
#.# #.# #.....### #.# #.#
#...#.#######.# ##.#######
#.............#######...##....


You could see an orc warrior.

Vanquished Creatures
  Prince Ribbit (D:5)
  A hippogriff (D:6)
  A phantom (D:5)
  2 ice beasts
  4 ogres
  2 centaurs
  A bullfrog (D:6)
  Blork the orc (D:5)
  A gnoll sergeant (D:5)
  A howler monkey (D:5)
  A crimson imp (D:6)
  2 hounds
  Ijyb (D:5)
  An iguana (D:3)
  Natasha (thrice) (D:3)
  4 orc wizards
  4 worker ants
  9 gnolls
  A howler monkey skeleton (D:4)
  11 adders
  A shadow imp (D:6)
  2 worms (D:2)
  4 leopard geckos
  18 orcs
  A ball python (D:2)
  5 bats
  6 giant cockroaches
  9 goblins
  12 hobgoblins
  12 jackals
  5 quokkas
  4 frilled lizards
  8 kobolds
  A quokka zombie (D:5)
  11 rats
151 creatures vanquished.

Notes
Turn   | Place    | Note
-------+----------+-------------------------------------------
     0 | D:1      | Blackhawk the Gnoll Skald began the quest for the Orb.
     0 | D:1      | Reached XP level 1. HP: 20/20 MP: 6/6
   103 | D:1      | Reached XP level 2. HP: 26/26 MP: 7/7
   448 | D:1      | Reached XP level 3. HP: 31/31 MP: 9/9
   756 | D:2      | Reached skill level 5 in Spellcasting
   878 | D:2      | Found a basalt altar of Yredelemnul.
   894 | D:2      | Reached skill level 1 in Invocations
   899 | D:2      | Became a worshipper of Yredelemnul the Dark
   943 | D:2      | Reached skill level 1 in Short Blades
   943 | D:2      | Reached skill level 1 in Long Blades
   943 | D:2      | Reached skill level 1 in Maces & Flails
   943 | D:2      | Reached skill level 1 in Polearms
   943 | D:2      | Reached skill level 1 in Staves
   943 | D:2      | Reached skill level 1 in Slings
   943 | D:2      | Reached skill level 1 in Bows
   943 | D:2      | Reached skill level 1 in Crossbows
   943 | D:2      | Reached skill level 1 in Throwing
   943 | D:2      | Reached skill level 1 in Stealth
   943 | D:2      | Reached skill level 1 in Shields
   943 | D:2      | Reached skill level 1 in Unarmed Combat
   943 | D:2      | Reached skill level 1 in Evocations
   943 | D:2      | Reached XP level 4. HP: 26/38 MP: 11/11
  1317 | D:2      | Reached * piety under Yredelemnul
  1480 | D:2      | Reached skill level 1 in Conjurations
  1480 | D:2      | Reached skill level 1 in Hexes
  1480 | D:2      | Reached skill level 1 in Summonings
  1480 | D:2      | Reached skill level 1 in Necromancy
  1480 | D:2      | Reached skill level 1 in Translocations
  1480 | D:2      | Reached skill level 1 in Transmutations
  1480 | D:2      | Reached skill level 1 in Fire Magic
  1480 | D:2      | Reached skill level 1 in Ice Magic
  1480 | D:2      | Reached skill level 1 in Air Magic
  1480 | D:2      | Reached skill level 1 in Earth Magic
  1480 | D:2      | Reached skill level 1 in Poison Magic
  1829 | D:3      | Reached XP level 5. HP: 30/43 MP: 12/12
  1951 | D:3      | Noticed Natasha
  2122 | D:3      | Killed Natasha
  2130 | D:3      | Noticed Natasha
  2151 | D:3      | Killed Natasha
  2152 | D:3      | HP: 1/43 [kobold (3)]
  2463 | D:3      | Noticed Natasha
  2471 | D:3      | Killed Natasha
  2752 | D:3      | Reached XP level 6. HP: 48/50 MP: 13/13
  2848 | D:3      | Reached ** piety under Yredelemnul
  3238 | D:3      | Reached skill level 5 in Fighting
  3238 | D:3      | Reached skill level 5 in Axes
  3238 | D:3      | Reached skill level 5 in Dodging
  3768 | D:4      | Found the +12 glaive of Prune {chop}
  3796 | D:4      | Reached XP level 7. HP: 37/56 MP: 15/15
  4875 | D:5      | Entered Level 5 of the Dungeon
  4960 | D:5      | Reached XP level 8. HP: 57/63 MP: 16/16
  4980 | D:5      | Reached *** piety under Yredelemnul
  5497 | D:5      | Noticed Ijyb
  5508 | D:5      | Killed Ijyb
  5531 | D:5      | Noticed Blork the orc
  5562 | D:5      | Killed Blork the orc
  5805 | D:5      | Found Vuhaukku's Jewellery Shoppe.
  5875 | D:5      | Noticed Prince Ribbit
  5890 | D:5      | Killed Prince Ribbit
  6333 | D:6      | Reached XP level 9. HP: 67/69 MP: 18/18
  6438 | D:6      | Got a warped quarterstaff
  6682 | D:6      | Found a staircase to the Ecumenical Temple.
  6995 | D:5      | Mangled by an orc warrior

Skill      XL: |  1  2  3  4  5  6  7  8  9 |
---------------+----------------------------+-----
Spellcasting   | 5 6 |  6.5
Invocations    | 1 2 3 4 |  4.4
Short Blades   | 1 2 3 4 |  4.0
Long Blades    | 1 2 3 4 |  4.0
Maces & Flails | 1 2 3 4 |  4.0
Polearms       | 1 2 3 4 |  4.0
Staves         | 1 2 3 4 |  4.0
Slings         | 1 2 3 4 |  4.0
Bows           | 1 2 3 4 |  4.0
Crossbows      | 1 2 3 4 |  4.0
Throwing       | 1 2 3 4 |  4.0
Stealth        | 1 2 3 4 |  4.0
Shields        | 1 2 3 4 |  4.0
Unarmed Combat | 1 2 3 4 |  4.0
Evocations     | 1 2 3 4 |  4.0
Conjurations   | 1 2 3 |  3.3
Hexes          | 1 2 3 |  3.3
Summonings     | 1 2 3 |  3.3
Necromancy     | 1 2 3 |  3.3
Translocations | 1 2 3 |  3.3
Transmutations | 1 2 3 |  3.3
Fire Magic     | 1 2 3 |  3.3
Ice Magic      | 1 2 3 |  3.3
Air Magic      | 1 2 3 |  3.3
Earth Magic    | 1 2 3 |  3.3
Poison Magic   | 1 2 3 |  3.3
Armour         | 3 4 |  4.8
Fighting       | 5 6 |  6.1
Axes           | 5 6 |  6.1
Dodging        | 5 6 |  6.1
Charms         | 6 |  6.4

Action                   |  1- 3 |  4- 6 |  7- 9 || total
-------------------------+-------+-------+-------++-------
Melee: Hand axe          |   132 |   122 |       ||   254
       Bite              |    15 |    35 |    42 ||    92
       Short sword       |       |   193 |   168 ||   361
       Punch             |       |     1 |       ||     1
       Club              |       |       |   210 ||   210
  Use: Scroll            |       |       |     7 ||     7
       Potion            |       |       |     2 ||     2
  Eat: Chunk             |       |     7 |    10 ||    17
       Ration            |       |     1 |       ||     1
Armor: Leather armour    |     2 |       |       ||     2
       Chain mail        |    57 |   170 |   258 ||   485
       Skin              |       |       |     8 ||     8
Dodge: Dodged            |    77 |   158 |   127 ||   362
Block: Shield            |       |       |   100 ||   100
